 Dungeon Crawl Stone Soup version 0.29.0-4-gdea44cf6ec (webtiles) character file.

Game seed: 7888900583197818206

16592 qw the Brawler (level 12, -1/118 HPs)
             Began as a Troll Cinder Acolyte on Sept 1, 2022.
             Was a Believer of Ignis.
             Killed from afar by a catoblepas (3 damage)
             ... with a blast of calcifying dust
             ... on level 10 of the Dungeon.
             The game lasted 00:05:05 (7741 turns).

qw the Brawler (Troll Cinder Acolyte)               Turns: 7741, Time: 00:05:05

Health: -1/118     AC: 15    Str: 29    XL:     12   Next: 11%
Magic:  12/12      EV:  9    Int: 10    God:    Ignis [**....]
Gold:   851        SH:  0    Dex:  5    Spells: 13/13 levels left

rFire   + + +      SeeInvis .     - Unarmed
rCold   + . .      Faith    .   (no shield)
rNeg    + . .      Spirit   .   k - +2 robe {rF+}
rPois   .          Reflect  .   (helmet restricted)
rElec   .          Harm     .   l - scarf {rC+ rF+}
rCorr   .          Rampage  .   (gloves unavailable)
Will    .....                   (boots unavailable)
Stlth   +.........              (no amulet)
HPRegen 1.09/turn               e - ring of protection from fire
MPRegen 0.13/turn               n - ring of positive energy

@: fiery-armoured
A: large, unfitting armour, claws 3, regeneration 1, shaggy fur 1, tough skin 1,
iridescent scales 1
a: Renounce Religion, Fiery Armour, Foxfire Swarm, Rising Flame


You were on level 10 of the Dungeon.
You worshipped Ignis.
Ignis was pleased with you.
You visited 1 branch of the dungeon, and saw 10 of its levels.

You collected 851 gold pieces.


Innate Abilities, Weirdness & Mutations

You are too large for most types of armour.
You have claws for hands.
Your natural rate of healing is unusually fast.
You are covered in fur. (AC +1)
You have tough skin. (AC +1)
You are partially covered in iridescent scales. (AC +2)


   Skills:
 - Level 7.0 Fighting
 - Level 2.0 Throwing
 - Level 2.0 Dodging
 + Level 17.6 Unarmed Combat
 - Level 1.0 Spellcasting
 - Level 2.1 Fire Magic


You had 13 spell levels left.
You didn't know any spells.
Your spell library contained the following spells:

 Spells                   Type           Power      Damage    Failure   Level
 Scorch                   Fire           8%         2d5       22%         2

Inventory:

Armour
 c - a +1 robe of willpower
 i - a +1 cloak
 k - a +2 robe of fire resistance (worn)
 l - a scarf of resistance (worn)
Jewellery
 e - a ring of protection from fire (left claw)
 n - a ring of positive energy (right claw)
Scrolls
 j - a scroll of identify
Potions
 a - a potion of lignification {unknown}
 b - a potion of attraction {unknown}
 f - 3 potions of mutation
 g - 3 potions of might
 m - 2 potions of cancellation
 p - a potion of magic {unknown}

Dungeon Overview and Level Annotations

Branches:
Dungeon (10/15)            Temple (0/1) D:5
   Lair: D:8-11         Orc: D:9-12

Altars:
Dithmenos
Hepliaklqana
Kikubaaqudgha
Okawaru
Trog
Uskayaw
Vehumet
Yredelemnul

Shops:
D:8 :


Message History

The catoblepas is lightly wounded.
The catoblepas gores you but does no damage.
You barely miss the catoblepas.
The catoblepas is lightly wounded.
The yak gores you but does no damage.
The catoblepas breathes a plume of calcifying dust at you.
The blast of calcifying dust hits you.
7735 ||| Stepping ~*~*~tactically~*~*~ (cloud).
The yak attacks as you move away! The yak gores you.
The yak is burned by your cloak of flames.
The yak is lightly wounded.
You mangle the catoblepas!!
The catoblepas is heavily wounded.
You scratch the catoblepas but do no damage.
The catoblepas is heavily wounded.
The yak is engulfed in calcifying dust.
The yak is moving more slowly.
The yak gores you!
The yak is burned by your cloak of flames.
The yak is lightly wounded.
The catoblepas gores you!
The catoblepas is burned by your cloak of flames.
The catoblepas is heavily wounded.
You scratch the catoblepas.
The catoblepas is heavily wounded.
The yak is engulfed in calcifying dust.
The yak stops moving altogether!
The catoblepas breathes a plume of calcifying dust at you.
The blast of calcifying dust hits you but does no damage.
7739 ||| Stepping ~*~*~tactically~*~*~ (cloud).
The yak is engulfed in calcifying dust.
The catoblepas gores you!!
The catoblepas is burned by your cloak of flames.
The catoblepas is severely wounded.
7740 ||| Stepping ~*~*~tactically~*~*~ (outnumbered).
The catoblepas gores you!
The catoblepas is burned by your cloak of flames.
The catoblepas is severely wounded.
The yak is engulfed in calcifying dust.
The yak is moving more slowly.
7741 ||| Stepping ~*~*~tactically~*~*~ (outnumbered).
The catoblepas breathes a plume of calcifying dust at you.
The blast of calcifying dust hits you.
You die...

#.........
#.........
#.........
#...<.....
#¤........
#¤Y.......
#########YY.......
.........¤).......
........@Y........
##....$..........
#........#######
#........#
#........#####
###.............
................
###.......<.....
#..###........


You could see a catoblepas and 3 yaks.

Vanquished Creatures
  A two-headed ogre (D:8)
  Pikel (D:5)
  A komodo dragon (D:9)
  A queen bee (D:9)
  2 trolls
  A hornet (D:8)
  Sigmund (D:6)
  19 yaks
  A steam dragon (D:8)
  2 orc warriors
  4 sky beasts
  A black bear (D:4)
  3 ogres (D:7)
  3 lemures (D:5)
  A phantom (D:4)
  4 centaurs
  2 kobold brigands
  5 bullfrogs
  A necrophage (D:6)
  A gnoll sergeant (D:7)
  26 wights
  31 killer bees
  10 orc priests
  2 hounds
  A jelly (D:5)
  10 orc wizards
  13 gnolls
  3 adders
  A white imp (D:5)
  2 worms
  2 dart slugs (D:2)
  46 orcs
  8 endoplasms
  3 giant cockroaches
  3 goblins
  5 hobgoblins
  4 jackals (D:3)
  16 kobolds
  6 quokkas
  4 ball pythons
  8 bats
  2 frilled lizards
  4 rats (D:1)
265 creatures vanquished.

Vanquished Creatures (others)
  A wizard (D:4)
  7 fungi (D:7)
8 creatures vanquished.

Grand Total: 273 creatures vanquished

Notes
Turn   | Place    | Note
-------+----------+-------------------------------------------
     0 | D:1      | qw the Troll Cinder Acolyte began the quest for the Orb.
     0 | D:1      | Reached XP level 1. HP: 22/22 MP: 1/1
     0 | D:1      | 0 ||| qw: Version: 0.1-a-97-g2dd2ca4
     0 | D:1      | 0 ||| qw: Game counter: 4865
     0 | D:1      | 0 ||| qw: Always use a shield: true
     0 | D:1      | 0 ||| qw: God list: Okawaru
     0 | D:1      | 0 ||| qw: Allow faded altars: false
     0 | D:1      | 0 ||| qw: Do Orc after D:15 true
     0 | D:1      | 0 ||| qw: Do second Lair branch before Depths: true
     0 | D:1      | 0 ||| qw: Lair rune preference: random
     0 | D:1      | 0 ||| qw: Plans: Normal
     0 | D:1      | 0 ||| PLANNING D:1-11
    86 | D:1      | 86 ||| Stepping ~*~*~tactically~*~*~ (stealth).
   102 | D:1      | Reached XP level 2. HP: 27/29 MP: 2/2
   451 | D:1      | Reached skill level 4 in Unarmed Combat
   615 | D:1      | 615 ||| READING scroll labelled JORPHO YSCHISU.
   616 | D:1      | 616 ||| READING scroll labelled SEQIRPH SAISK.
   617 | D:1      | 617 ||| READING scroll labelled QYFAMI AFYXTIPT.
   620 | D:1      | 620 ||| READING 2 scrolls labelled NYODIC OKHU.
   634 | D:1      | 634 ||| DRINKING 2 smoky puce potions.
   634 | D:1      | Gained mutation: You are partially covered in iridescent
                  | scales. (AC +2) [potion of mutation]
   635 | D:1      | 635 ||| DRINKING 2 emerald potions.
   636 | D:1      | 636 ||| DROPPING potion of brilliance.
   637 | D:1      | 637 ||| DROPPING scroll of torment.
   770 | D:2      | 770 ||| Stepping ~*~*~tactically~*~*~ (stealth).
   778 | D:2      | Reached XP level 3. HP: 36/36 MP: 3/3
   791 | D:2      | 791 ||| Stepping ~*~*~tactically~*~*~ (stealth).
   874 | D:2      | 874 ||| Stepping ~*~*~tactically~*~*~ (stealth).
   902 | D:2      | 902 ||| INVOKING Fiery Armour.
   904 | D:2      | 904 ||| Stepping ~*~*~tactically~*~*~ (outnumbered).
   918 | D:2      | 918 ||| Stepping ~*~*~tactically~*~*~ (outnumbered).
   922 | D:2      | Reached skill level 5 in Unarmed Combat
   922 | D:2      | Reached XP level 4. HP: 24/44 MP: 4/4
  1071 | D:2      | 1071 ||| Stepping ~*~*~tactically~*~*~ (stealth).
  1074 | D:2      | 1074 ||| Stepping ~*~*~tactically~*~*~ (stealth).
  1421 | D:2      | 1421 ||| STAIRDANCE
  1425 | D:1      | 1425 ||| UPGRADING to ring of protection from fire.
  1426 | D:1      | 1426 ||| READING scroll labelled BIATAGHYOL.
  1427 | D:1      | 1427 ||| READING scroll labelled OGEUF FAULAICA.
  1473 | D:3      | 1473 ||| Stepping ~*~*~tactically~*~*~ (outnumbered).
  1475 | D:3      | Reached XP level 5. HP: 42/50 MP: 5/5
  1475 | D:3      | 1475 ||| Stepping ~*~*~tactically~*~*~ (outnumbered).
  1476 | D:3      | 1476 ||| Stepping ~*~*~tactically~*~*~ (outnumbered).
  1647 | D:3      | 1647 ||| Stepping ~*~*~tactically~*~*~ (hiding).
  1651 | D:3      | 1651 ||| INVOKING Fiery Armour.
  1655 | D:3      | 1655 ||| Stepping ~*~*~tactically~*~*~ (outnumbered).
  1659 | D:3      | Reached skill level 6 in Unarmed Combat
  1862 | D:3      | 1862 ||| Stepping ~*~*~tactically~*~*~ (outnumbered).
  2274 | D:3      | 2274 ||| READING 2 scrolls labelled CEVORE QERIOT.
  2275 | D:3      | 2275 ||| READING scroll labelled POMOIV RU SIUKIQEY.
  2276 | D:3      | 2276 ||| DRINKING 3 fizzy grey potions.
  2317 | D:4      | Noticed a phantom
  2318 | D:4      | 2318 ||| STAIRDANCE
  2323 | D:4      | 2323 ||| STAIRDANCE
  2337 | D:4      | Killed a phantom
  2338 | D:4      | Reached skill level 7 in Unarmed Combat
  2338 | D:4      | Reached XP level 6. HP: 54/59 MP: 6/6
  2377 | D:4      | Found an ancient bone altar of Kikubaaqudgha.
  2441 | D:4      | 2441 ||| Stepping ~*~*~tactically~*~*~ (hiding).
  2445 | D:4      | 2445 ||| INVOKING Fiery Armour.
  2449 | D:4      | 2449 ||| Stepping ~*~*~tactically~*~*~ (outnumbered).
  2698 | D:4      | Found a bloodstained altar of Trog.
  2700 | D:4      | Noticed a wizard
  2704 | D:4      | Killed a wizard
  2781 | D:4      | 2781 ||| UPGRADING to +0 cloak.
  2786 | D:4      | 2786 ||| READING 2 scrolls labelled DOLIEQ LOASOIR.
  2787 | D:4      | 2787 ||| READING 2 scrolls of identify.
  2787 | D:4      | 2787 ||| IDENTIFYING brown potion
  2788 | D:4      | 2788 ||| DROPPING scroll of vulnerability.
  2800 | D:5      | Entered Level 5 of the Dungeon
  2801 | D:5      | 2801 ||| STAIRDANCE
  2808 | D:5      | 2808 ||| STAIRDANCE
  2810 | D:4      | 2810 ||| Stepping ~*~*~tactically~*~*~ (outnumbered).
  2811 | D:4      | 2811 ||| Stepping ~*~*~tactically~*~*~ (outnumbered).
  2812 | D:4      | 2812 ||| Stepping ~*~*~tactically~*~*~ (outnumbered).
  2813 | D:4      | 2813 ||| Stepping ~*~*~tactically~*~*~ (outnumbered).
  2814 | D:4      | 2814 ||| Stepping ~*~*~tactically~*~*~ (outnumbered).
  2815 | D:4      | 2815 ||| Stepping ~*~*~tactically~*~*~ (outnumbered).
  2818 | D:4      | 2818 ||| Stepping ~*~*~tactically~*~*~ (outnumbered).
  2820 | D:4      | 2820 ||| Stepping ~*~*~tactically~*~*~ (outnumbered).
  2821 | D:4      | 2821 ||| Stepping ~*~*~tactically~*~*~ (outnumbered).
  2822 | D:4      | 2822 ||| Stepping ~*~*~tactically~*~*~ (outnumbered).
  2860 | D:5      | Reached skill level 8 in Unarmed Combat
  2865 | D:5      | 2865 ||| Stepping ~*~*~tactically~*~*~ (stealth).
  2866 | D:5      | 2866 ||| Stepping ~*~*~tactically~*~*~ (stealth).
  2906 | D:5      | Found a staircase to the Ecumenical Temple.
  2917 | D:5      | Reached XP level 7. HP: 66/66 MP: 7/7
  2927 | D:5      | Found a radiant altar of Vehumet.
  2953 | D:5      | 2953 ||| Stepping ~*~*~tactically~*~*~ (hiding).
  3342 | D:5      | 3342 ||| READING scroll labelled JEYSECLEPO.
  3343 | D:5      | 3343 ||| READING scroll labelled IVOPPE LUZXALL.
  3344 | D:5      | 3344 ||| READING 2 scrolls of identify.
  3344 | D:5      | 3344 ||| IDENTIFYING fizzy inky potion
  3345 | D:5      | 3345 ||| DROPPING potion of degeneration.
  3376 | D:6      | Noticed Sigmund
  3376 | D:6      | Noticed Pikel
  3377 | D:6      | 3377 ||| STAIRDANCE
  3379 | D:5      | 3379 ||| Stepping ~*~*~tactically~*~*~ (outnumbered).
  3380 | D:5      | 3380 ||| Stepping ~*~*~tactically~*~*~ (outnumbered).
  3381 | D:5      | 3381 ||| Stepping ~*~*~tactically~*~*~ (outnumbered).
  3382 | D:5      | 3382 ||| Stepping ~*~*~tactically~*~*~ (outnumbered).
  3383 | D:5      | 3383 ||| Stepping ~*~*~tactically~*~*~ (outnumbered).
  3384 | D:5      | 3384 ||| Stepping ~*~*~tactically~*~*~ (outnumbered).
  3389 | D:5      | 3389 ||| Stepping ~*~*~tactically~*~*~ (outnumbered).
  3391 | D:5      | 3391 ||| Stepping ~*~*~tactically~*~*~ (outnumbered).
  3392 | D:5      | 3392 ||| Stepping ~*~*~tactically~*~*~ (outnumbered).
  3423 | D:6      | 3423 ||| STAIRDANCE
  3425 | D:5      | 3425 ||| Stepping ~*~*~tactically~*~*~ (outnumbered).
  3426 | D:5      | 3426 ||| Stepping ~*~*~tactically~*~*~ (outnumbered).
  3427 | D:5      | 3427 ||| Stepping ~*~*~tactically~*~*~ (outnumbered).
  3428 | D:5      | 3428 ||| Stepping ~*~*~tactically~*~*~ (outnumbered).
  3440 | D:5      | Killed Pikel
  3479 | D:6      | 3479 ||| STAIRDANCE
  3485 | D:5      | Reached XP level 8. HP: 69/80 MP: 8/8
  3497 | D:6      | 3497 ||| STAIRDANCE
  3499 | D:6      | 3499 ||| STAIRDANCE
  3501 | D:5      | 3501 ||| DRINKING potion of curing.
  3501 | D:5      | 3501 ||| (to cure confusion)
  3511 | D:6      | 3511 ||| STAIRDANCE
  3555 | D:6      | 3555 ||| INVOKING Fiery Armour.
  3564 | D:6      | Killed Sigmund
  3565 | D:6      | Reached skill level 9 in Unarmed Combat
  3584 | D:6      | Noticed a +0 falchion
  3596 | D:6      | 3596 ||| Stepping ~*~*~tactically~*~*~ (stealth).
  3597 | D:6      | 3597 ||| FLEEEEING.
  3598 | D:6      | 3598 ||| FLEEEEING.
  3599 | D:6      | 3599 ||| FLEEEEING.
  3600 | D:6      | 3600 ||| FLEEEEING.
  3601 | D:6      | 3601 ||| FLEEEEING.
  3602 | D:6      | 3602 ||| FLEEEEING.
  3604 | D:6      | 3604 ||| FLEEEEING.
  3605 | D:6      | 3605 ||| FLEEEEING.
  3606 | D:6      | 3606 ||| FLEEEEING.
  3607 | D:6      | 3607 ||| FLEEEEING.
  3608 | D:6      | 3608 ||| FLEEEEING.
  3609 | D:6      | 3609 ||| FLEEEEING.
  3610 | D:6      | 3610 ||| STAIRDANCE
  3662 | D:6      | 3662 ||| STAIRDANCE
  3667 | D:5      | Reached skill level 1 in Throwing
  3675 | D:6      | 3675 ||| STAIRDANCE
  3723 | D:6      | Found a shadowy altar of Dithmenos.
  3725 | D:6      | Noticed a +0 spear
  3725 | D:6      | Noticed a +0 dagger
  3727 | D:6      | Noticed a +0 spear
  3727 | D:6      | Noticed a +0 short sword
  3727 | D:6      | Noticed a +0 short sword
  3728 | D:6      | Found a hide-covered altar of Uskayaw.
  3728 | D:6      | Noticed a +0 falchion
  3728 | D:6      | Noticed a +0 dagger
  3729 | D:6      | 3729 ||| Stepping ~*~*~tactically~*~*~ (hiding).
  3777 | D:6      | Reached skill level 1 in Dodging
  3971 | D:6      | 3971 ||| Stepping ~*~*~tactically~*~*~ (stealth).
  3993 | D:6      | 3993 ||| Stepping ~*~*~tactically~*~*~ (stealth).
  3994 | D:6      | 3994 ||| Stepping ~*~*~tactically~*~*~ (stealth).
  4002 | D:6      | 4002 ||| Stepping ~*~*~tactically~*~*~ (stealth).
  4015 | D:6      | Reached skill level 10 in Unarmed Combat
  4264 | D:6      | 4264 ||| UPGRADING to +1 cloak.
  4274 | D:6      | 4274 ||| DROPPING +0 cloak.
  4275 | D:6      | 4275 ||| UPGRADING to scarf of resistance.
  4285 | D:6      | 4285 ||| UPGRADING to ring of positive energy.
  4286 | D:6      | 4286 ||| READING scroll labelled LUMYEQ EBLI.
  4287 | D:6      | 4287 ||| DRINKING 2 fuming orange potions.
  4330 | D:7      | Reached XP level 9. HP: 65/88 MP: 9/9
  4385 | D:7      | 4385 ||| Stepping ~*~*~tactically~*~*~ (stealth).
  4394 | D:7      | 4394 ||| Stepping ~*~*~tactically~*~*~ (stealth).
  4404 | D:7      | Reached skill level 11 in Unarmed Combat
  4458 | D:7      | 4458 ||| Stepping ~*~*~tactically~*~*~ (stealth).
  4468 | D:7      | 4468 ||| FLEEEEING.
  4469 | D:7      | 4469 ||| FLEEEEING.
  4470 | D:7      | 4470 ||| FLEEEEING.
  4649 | D:7      | 4649 ||| Stepping ~*~*~tactically~*~*~ (hiding).
  4681 | D:7      | Found an iron altar of Okawaru.
  4826 | D:7      | Found a hazy altar of Hepliaklqana.
  4840 | D:7      | 4840 ||| Stepping ~*~*~tactically~*~*~ (stealth).
  4848 | D:7      | Reached skill level 12 in Unarmed Combat
  4894 | D:7      | 4894 ||| Stepping ~*~*~tactically~*~*~ (outnumbered).
  4895 | D:7      | 4895 ||| Stepping ~*~*~tactically~*~*~ (outnumbered).
  4911 | D:7      | 4911 ||| Stepping ~*~*~tactically~*~*~ (outnumbered).
  5013 | D:7      | 5013 ||| READING scroll labelled QIFOHU AKITWYN.
  5014 | D:7      | 5014 ||| DRINKING 3 white potions.
  5115 | D:7      | 5115 ||| DROPPING 2 potions of ambrosia.
  5138 | D:8      | Noticed a two-headed ogre
  5139 | D:8      | 5139 ||| INVOKING Fiery Armour.
  5147 | D:8      | Killed a two-headed ogre
  5148 | D:8      | Reached skill level 13 in Unarmed Combat
  5214 | D:8      | Reached XP level 10. HP: 96/96 MP: 10/10
  5229 | D:8      | 5229 ||| Stepping ~*~*~tactically~*~*~ (outnumbered).
  5230 | D:8      | 5230 ||| Stepping ~*~*~tactically~*~*~ (outnumbered).
  5233 | D:8      | 5233 ||| Stepping ~*~*~tactically~*~*~ (outnumbered).
  5253 | D:8      | Reached skill level 14 in Unarmed Combat
  5314 | D:8      | Found Rucamuki's Book Emporium.
  5439 | D:8      | 5439 ||| Stepping ~*~*~tactically~*~*~ (stealth).
  5443 | D:8      | 5443 ||| Stepping ~*~*~tactically~*~*~ (stealth).
  5459 | D:8      | 5459 ||| Stepping ~*~*~tactically~*~*~ (stealth).
  5461 | D:8      | 5461 ||| Stepping ~*~*~tactically~*~*~ (hiding).
  5468 | D:8      | 5468 ||| Stepping ~*~*~tactically~*~*~ (stealth).
  5564 | D:8      | 5564 ||| Stepping ~*~*~tactically~*~*~ (stealth).
  5568 | D:8      | 5568 ||| Stepping ~*~*~tactically~*~*~ (stealth).
  5631 | D:8      | 5631 ||| Stepping ~*~*~tactically~*~*~ (outnumbered).
  5633 | D:8      | Reached skill level 6 in Fighting
  5852 | D:8      | 5852 ||| Stepping ~*~*~tactically~*~*~ (stealth).
  5853 | D:8      | 5853 ||| Stepping ~*~*~tactically~*~*~ (stealth).
  5855 | D:8      | 5855 ||| FLEEEEING.
  5856 | D:8      | 5856 ||| FLEEEEING.
  5857 | D:8      | 5857 ||| FLEEEEING.
  5858 | D:8      | 5858 ||| FLEEEEING.
  5861 | D:8      | 5861 ||| FLEEEEING.
  5862 | D:8      | 5862 ||| STAIRDANCE
  5863 | D:7      | HP: 23/97 [poisoned by a kobold brigand (curare-tipped
                  | dart)]
  5868 | D:7      | HP: 17/97 [poisoned by a kobold brigand (curare-tipped
                  | dart)]
  5959 | D:7      | 5959 ||| UPGRADING to +2 robe of fire resistance.
  5969 | D:7      | 5969 ||| DROPPING +0 robe.
  5970 | D:7      | 5970 ||| READING scroll labelled RAGEZO QIZXAO.
  6071 | D:7      | 6071 ||| READING scroll labelled CYUNUTS PAHABU.
  6072 | D:7      | 6072 ||| READING 3 scrolls of identify.
  6072 | D:7      | 6072 ||| IDENTIFYING yellow potion
  6073 | D:7      | 6073 ||| DRINKING potion of experience.
  6073 | D:7      | Reached skill level 16 in Unarmed Combat
  6073 | D:7      | Reached XP level 11. HP: 104/104 MP: 11/11
  6074 | D:7      | 6074 ||| READING 2 scrolls of identify.
  6074 | D:7      | 6074 ||| IDENTIFYING fuming grey potion
  6110 | D:8      | 6110 ||| Stepping ~*~*~tactically~*~*~ (stealth).
  6115 | D:8      | 6115 ||| Stepping ~*~*~tactically~*~*~ (stealth).
  6222 | D:8      | 6222 ||| Stepping ~*~*~tactically~*~*~ (hiding).
  6223 | D:8      | 6223 ||| Stepping ~*~*~tactically~*~*~ (hiding).
  6224 | D:8      | 6224 ||| Stepping ~*~*~tactically~*~*~ (hiding).
  6225 | D:8      | 6225 ||| Stepping ~*~*~tactically~*~*~ (hiding).
  6226 | D:8      | 6226 ||| Stepping ~*~*~tactically~*~*~ (hiding).
  6242 | D:8      | 6242 ||| INVOKING Fiery Armour.
  6243 | D:8      | Paralysed by a hornet for 2 turns
  6339 | D:8      | Identified the +6 flail of Yhorapto {vamp, rC- rCorr Dex+3}
  6398 | D:8      | 6398 ||| READING 2 scrolls of identify.
  6398 | D:8      | 6398 ||| IDENTIFYING sedimented black potion
  6399 | D:8      | 6399 ||| DROPPING potion of flight.
  6476 | D:9      | Found a basalt altar of Yredelemnul.
  6560 | D:9      | Identified the +8 quarterstaff of Poverty {vamp, rPois
                  | Dex-5 SInv Stlth+}
  6666 | D:9      | 6666 ||| FLEEEEING.
  6718 | D:9      | 6718 ||| Stepping ~*~*~tactically~*~*~ (outnumbered).
  6847 | D:9      | 6847 ||| Stepping ~*~*~tactically~*~*~ (stealth).
  6851 | D:9      | 6851 ||| Stepping ~*~*~tactically~*~*~ (outnumbered).
  6852 | D:9      | 6852 ||| Stepping ~*~*~tactically~*~*~ (outnumbered).
  6858 | D:9      | 6858 ||| Stepping ~*~*~tactically~*~*~ (outnumbered).
  6859 | D:9      | 6859 ||| INVOKING Fiery Armour.
  6860 | D:9      | 6860 ||| Stepping ~*~*~tactically~*~*~ (outnumbered).
  6861 | D:9      | 6861 ||| Stepping ~*~*~tactically~*~*~ (outnumbered).
  6862 | D:9      | 6862 ||| Stepping ~*~*~tactically~*~*~ (outnumbered).
  6864 | D:9      | 6864 ||| Stepping ~*~*~tactically~*~*~ (outnumbered).
  6868 | D:9      | 6868 ||| Stepping ~*~*~tactically~*~*~ (outnumbered).
  6868 | D:9      | HP: 19/106 [yak (12)]
  6869 | D:9      | 6869 ||| READING 4 scrolls of teleportation.
  6870 | D:9      | 6870 ||| DRINKING potion of heal wounds.
  6871 | D:9      | 6871 ||| Stepping ~*~*~tactically~*~*~ (outnumbered).
  6874 | D:9      | HP: 26/108 [gnoll/+0 whip[a gnoll sergeant] (7)]
  6875 | D:9      | 6875 ||| READING 3 scrolls of teleportation.
  6876 | D:9      | 6876 ||| Stepping ~*~*~tactically~*~*~ (outnumbered).
  6877 | D:9      | 6877 ||| Stepping ~*~*~tactically~*~*~ (outnumbered).
  6878 | D:9      | 6878 ||| Stepping ~*~*~tactically~*~*~ (outnumbered).
  6879 | D:9      | 6879 ||| Stepping ~*~*~tactically~*~*~ (outnumbered).
  6880 | D:9      | 6880 ||| READING 2 scrolls of teleportation.
  6881 | D:9      | HP: 19/108 [gnoll/+0 spear[a gnoll sergeant] (5)]
  6884 | D:9      | 6884 ||| Stepping ~*~*~tactically~*~*~ (outnumbered).
  7033 | D:9      | 7033 ||| Stepping ~*~*~tactically~*~*~ (stealth).
  7080 | D:9      | 7080 ||| Stepping ~*~*~tactically~*~*~ (stealth).
  7107 | D:9      | 7107 ||| Stepping ~*~*~tactically~*~*~ (stealth).
  7109 | D:9      | 7109 ||| Stepping ~*~*~tactically~*~*~ (outnumbered).
  7117 | D:9      | 7117 ||| INVOKING Fiery Armour.
  7120 | D:9      | Reached skill level 17 in Unarmed Combat
  7120 | D:9      | HP: 25/109 [poisoned by a queen bee]
  7121 | D:9      | 7121 ||| READING scroll of teleportation.
  7122 | D:9      | 7122 ||| DRINKING potion of heal wounds.
  7128 | D:9      | HP: 27/109 [poisoned by a queen bee]
  7133 | D:9      | HP: 27/109 [poisoned by a queen bee]
  7246 | D:9      | 7246 ||| Stepping ~*~*~tactically~*~*~ (stealth).
  7257 | D:9      | 7257 ||| Stepping ~*~*~tactically~*~*~ (stealth).
  7295 | D:9      | 7295 ||| Stepping ~*~*~tactically~*~*~ (stealth).
  7301 | D:9      | 7301 ||| Stepping ~*~*~tactically~*~*~ (stealth).
  7305 | D:9      | 7305 ||| Stepping ~*~*~tactically~*~*~ (stealth).
  7308 | D:9      | 7308 ||| Stepping ~*~*~tactically~*~*~ (stealth).
  7320 | D:9      | 7320 ||| Stepping ~*~*~tactically~*~*~ (stealth).
  7321 | D:9      | 7321 ||| Stepping ~*~*~tactically~*~*~ (stealth).
  7322 | D:9      | 7322 ||| Stepping ~*~*~tactically~*~*~ (stealth).
  7351 | D:9      | 7351 ||| Stepping ~*~*~tactically~*~*~ (stealth).
  7413 | D:9      | Reached XP level 12. HP: 118/118 MP: 12/12
  7424 | D:9      | 7424 ||| Stepping ~*~*~tactically~*~*~ (stealth).
  7454 | D:9      | 7454 ||| Stepping ~*~*~tactically~*~*~ (stealth).
  7460 | D:9      | 7460 ||| Stepping ~*~*~tactically~*~*~ (outnumbered).
  7535 | D:9      | 7535 ||| Stepping ~*~*~tactically~*~*~ (outnumbered).
  7536 | D:9      | 7536 ||| Stepping ~*~*~tactically~*~*~ (outnumbered).
  7537 | D:9      | 7537 ||| Stepping ~*~*~tactically~*~*~ (outnumbered).
  7538 | D:9      | 7538 ||| Stepping ~*~*~tactically~*~*~ (outnumbered).
  7539 | D:9      | 7539 ||| Stepping ~*~*~tactically~*~*~ (outnumbered).
  7540 | D:9      | 7540 ||| Stepping ~*~*~tactically~*~*~ (outnumbered).
  7541 | D:9      | 7541 ||| Stepping ~*~*~tactically~*~*~ (outnumbered).
  7542 | D:9      | 7542 ||| Stepping ~*~*~tactically~*~*~ (outnumbered).
  7543 | D:9      | 7543 ||| Stepping ~*~*~tactically~*~*~ (outnumbered).
  7544 | D:9      | 7544 ||| Stepping ~*~*~tactically~*~*~ (outnumbered).
  7545 | D:9      | 7545 ||| Stepping ~*~*~tactically~*~*~ (outnumbered).
  7546 | D:9      | 7546 ||| Stepping ~*~*~tactically~*~*~ (outnumbered).
  7547 | D:9      | 7547 ||| Stepping ~*~*~tactically~*~*~ (outnumbered).
  7548 | D:9      | 7548 ||| Stepping ~*~*~tactically~*~*~ (outnumbered).
  7549 | D:9      | 7549 ||| Stepping ~*~*~tactically~*~*~ (outnumbered).
  7552 | D:9      | 7552 ||| FLEEEEING.
  7553 | D:9      | 7553 ||| FLEEEEING.
  7554 | D:9      | 7554 ||| FLEEEEING.
  7555 | D:9      | 7555 ||| FLEEEEING.
  7556 | D:9      | 7556 ||| FLEEEEING.
  7557 | D:9      | 7557 ||| FLEEEEING.
  7558 | D:9      | 7558 ||| FLEEEEING.
  7559 | D:9      | 7559 ||| FLEEEEING.
  7560 | D:9      | 7560 ||| FLEEEEING.
  7561 | D:9      | 7561 ||| FLEEEEING.
  7562 | D:9      | 7562 ||| FLEEEEING.
  7563 | D:9      | 7563 ||| FLEEEEING.
  7564 | D:9      | 7564 ||| FLEEEEING.
  7565 | D:9      | 7565 ||| FLEEEEING.
  7566 | D:9      | 7566 ||| FLEEEEING.
  7567 | D:9      | 7567 ||| FLEEEEING.
  7568 | D:9      | 7568 ||| FLEEEEING.
  7569 | D:9      | 7569 ||| FLEEEEING.
  7570 | D:9      | 7570 ||| FLEEEEING.
  7571 | D:9      | 7571 ||| FLEEEEING.
  7572 | D:9      | 7572 ||| FLEEEEING.
  7573 | D:9      | 7573 ||| FLEEEEING.
  7574 | D:9      | 7574 ||| FLEEEEING.
  7575 | D:9      | 7575 ||| FLEEEEING.
  7576 | D:9      | 7576 ||| FLEEEEING.
  7580 | D:9      | 7580 ||| Stepping ~*~*~tactically~*~*~ (outnumbered).
  7581 | D:9      | 7581 ||| Stepping ~*~*~tactically~*~*~ (outnumbered).
  7582 | D:9      | 7582 ||| Stepping ~*~*~tactically~*~*~ (outnumbered).
  7708 | D:10     | Entered Level 10 of the Dungeon
  7718 | D:10     | Noticed a catoblepas
  7719 | D:10     | 7719 ||| INVOKING Fiery Armour.
  7720 | D:10     | 7720 ||| Stepping ~*~*~tactically~*~*~ (cloud).
  7730 | D:10     | 7730 ||| Stepping ~*~*~tactically~*~*~ (cloud).
  7731 | D:10     | 7731 ||| Stepping ~*~*~tactically~*~*~ (cloud).
  7735 | D:10     | 7735 ||| Stepping ~*~*~tactically~*~*~ (cloud).
  7739 | D:10     | 7739 ||| Stepping ~*~*~tactically~*~*~ (cloud).
  7739 | D:10     | HP: 14/118 [catoblepas (20)]
  7740 | D:10     | 7740 ||| Stepping ~*~*~tactically~*~*~ (outnumbered).
  7740 | D:10     | HP: 1/118 [catoblepas (14)]
  7741 | D:10     | 7741 ||| Stepping ~*~*~tactically~*~*~ (outnumbered).
  7741 | D:10     | Killed from afar by a catoblepas

Levels and vault maps discovered:
D:1:      dpeg_arrival_tiny_i, layout_rooms, roderic_serpentine_path
D:2:      layout_basic, nrook_campfire, kennysheep_generic_room_14
D:3:      layout_loops_corners
D:4:      layout_cave_pools, mainiacjoe_overflow_six_doors_small, trog_wizard
D:5:      layout_cave_pools, vehumet_altar_wand_db, minmay_temple_entry_ruins
D:6:      layout_rooms, nicolae_uskayaw_en_pointe, overflow_temple_1_default,
          serial_corexii_hall, corexii_hall_statues_i, corexii_hall_statues_x,
          corexii_hall_statues_l, chequers_hall_statues_y,
          corexii_leaking_fountain, uniq_sigmund, uniq_pikel
D:7:      layout_rooms, mainiacjoe_overflow_boulevard, okawaru_trees_1,
          grunt_ogre_cave
D:8:      minmay_goldmine, layout_rooms, serial_shops, nicolae_shop_waterfront
D:9:      layout_grid_maze, mainiacjoe_overflow_small_starburst, special_room
          [special_room_bee]
D:10:     layout_small_grid

Skill      XL: |  1  2  3  4  5  6  7  8  9 10 11 |
---------------+----------------------------------+-----
Unarmed Combat | 4 5 7 8 10 13 16 17 | 17.6
Fighting       | 5 6 7 |  7.0
Throwing       | 1 2 |  2.0
Dodging        | 1 2 |  2.0
Spellcasting   | |  1.0
Fire Magic     | |  2.1

Action                   |  1- 3 |  4- 6 |  7- 9 | 10-12 || total
-------------------------+-------+-------+-------+-------++-------
Melee: Unarmed           |    88 |   121 |   203 |   295 ||   707
       Punch             |       |     4 |     6 |    23 ||    33
Throw: Boomerang         |     3 |    46 |    35 |    43 ||   127
Invok: Fiery Armour      |     1 |     2 |     2 |     4 ||     9
  Use: Scroll            |     4 |     6 |     5 |     9 ||    24
       Potion            |     2 |     1 |     3 |     3 ||     9
Armor: Robe              |    35 |    53 |    59 |   122 ||   269
Dodge: Dodged            |    31 |    69 |    75 |   130 ||   305

Table legend:
 A = Non-vault XP
 B = Vault XP
 C = Vault XP percentage of total XP
 D = Non-vault monster count
 E = Vault monster count
 F = Vault count percentage of total count
                 A         B        C        D         E       F
            +---------+---------+-------+---------+---------+-------
      Total |   12323 |    2864 |  18.9 |     222 |      40 |  15.3
            +---------+---------+-------+---------+---------+-------
        D:1 |      32 |       1 |   3.0 |      19 |       1 |   5.0
        D:2 |     131 |       0 |   0.0 |      29 |       0 |   0.0
        D:3 |     175 |       0 |   0.0 |      20 |       0 |   0.0
        D:4 |     340 |       0 |   0.0 |      15 |       0 |   0.0
        D:5 |     371 |     652 |  63.7 |      11 |       2 |  15.4
        D:6 |     730 |     231 |  24.0 |      17 |       1 |   5.6
        D:7 |    1528 |     113 |   6.9 |      36 |       1 |   2.7
        D:8 |    4931 |     105 |   2.1 |      40 |      11 |  21.6
        D:9 |    3658 |    1762 |  32.5 |      33 |      24 |  42.1
       D:10 |     427 |       0 |   0.0 |       2 |       0 |   0.0
            +---------+---------+-------+---------+---------+-------
